 Dungeon Crawl Stone Soup version 0.31-a0-1424-g2add1c7226 (webtiles) character file.

Game seed: 12211483460960275119

24763 jlumianski the Grappler (level 13, -2/100 HPs)
             Began as a Gnoll Shapeshifter on Dec 26, 2023.
             Was a High Priest of Wu Jian.
             Hit by a large rock thrown by a cyclops (23 damage)
             ... on level 13 of the Dungeon.
             The game lasted 01:25:22 (15573 turns).

jlumianski the Grappler (Gnoll Shapeshifter)       Turns: 15573, Time: 01:25:25

Health: -2/100     AC: 24    Str: 21    XL:     13   Next: 15%
Magic:  25/25      EV:  7    Int: 10    God:    Wu Jian [*****.]
Gold:   590        SH: 12    Dex: 22    Spells: 28/28 levels left

rFire   + .          .
                       - Unarmed
rCold   . . .        P - +0 kite shield {AC+3}
rNeg    . . .        O - +0 crystal plate armour
rPois   .            (helmet currently unavailable)
rElec   .            (cloak currently unavailable)
rCorr   .            (gloves currently unavailable)
SInv    .            (boots currently unavailable)
Will    .....        k - amulet "Beninwi" {Regen+ Str+5} Stlth
                     N - ring of protection from fire
HPRegen 1.16/turn    g - +6 ring of dexterity
MPRegen 0.19/turn

%: no passive effects
@: beast-form
A: beast (slay +4), fangs 1, strong nose, distributed training, iridescent
scales 1, camouflage 1, agile 1
a: Begin Untransformation, Renounce Religion, Wall Jump, Serpent's Lash,
Heavenly Storm


You were on level 13 of the Dungeon.
You worshipped Wu Jian.
Wu Jian was extremely pleased with you.
You were a hulking beast.
You visited 3 branches of the dungeon, and saw 17 of its levels.
You also visited: Sewer, Ossuary, Bailey and Volcano.

You collected 1345 gold pieces.
You spent 755 gold pieces at shops.

Inventory:

Hand Weapons
 y - the +11 scimitar of the End of Times {drain, *Slow rC+++ Str-5 Dex+2}
   (You found it on level 6 of the Dungeon)

   Str-5:     It affects your strength (-5).
   Dex+2:     It affects your dexterity (+2).
   rC+++:     It renders you almost immune to cold.
   *Slow:     It may slow you when you take damage.
Missiles
 j - 6 atropa-tipped darts
 o - 13 boomerangs
 p - 4 throwing nets
 w - 45 poisoned darts (quivered)
Armour
 O - a +0 crystal plate armour (worn)
 P - a +0 kite shield of protection (worn)
Jewellery
 g - a +6 ring of dexterity (right hand)
 k - the amulet "Beninwi" (around neck) {Regen+ Str+5}
   (You bought it in a shop on level 10 of the Dungeon)

   [amulet of regeneration]

   Str+5:     It affects your strength (+5).
   Regen+:    It increases your rate of health regeneration.
 l - a +6 ring of intelligence
 t - an amulet of the acrobat
 A - an amulet of reflection
 E - a ring of see invisible
 N - a ring of protection from fire (left hand)
Talismans
 c - a beast talisman
Wands
 a - a wand of acid (4)
 h - a wand of flame (9)
 r - a wand of mindburst (8)
 v - a wand of digging (6)
 R - a wand of iceblast (2)
 S - a wand of charming (16)
Scrolls
 f - a scroll of amnesia
 m - a scroll of butterflies
 n - 4 scrolls of poison
 s - 3 scrolls of fear
 u - 3 scrolls of fog
 x - a scroll of silence
 K - 2 scrolls of blinking
 U - 4 scrolls of teleportation
 X - 5 scrolls of identify
Potions
 b - 4 potions of lignification
 d - 2 potions of resistance
 e - 6 potions of might
 i - 5 potions of curing
 q - a potion of heal wounds
 z - 5 potions of attraction
 B - a potion of haste
 C - 3 potions of enlightenment
 J - 2 potions of invisibility
 Q - a potion of berserk rage


   Skills:
 + Level 8.8 Fighting
 + Level 8.3 Short Blades
 + Level 8.3 Long Blades
 + Level 8.3 Axes
 + Level 8.3 Maces & Flails
 + Level 8.3 Polearms
 + Level 8.3 Staves
 + Level 8.3 Ranged Weapons
 + Level 8.3 Throwing
 + Level 8.3 Armour
 + Level 9.5 Dodging
 + Level 8.3 Stealth
 + Level 8.3 Shields
 + Level 10.6 Unarmed Combat
 + Level 8.3 Spellcasting
 + Level 6.9 Conjurations
 + Level 6.9 Hexes
 + Level 6.9 Summonings
 + Level 6.9 Necromancy
 + Level 6.9 Translocations
 + Level 6.9 Fire Magic
 + Level 6.9 Ice Magic
 + Level 6.9 Air Magic
 + Level 6.9 Earth Magic
 + Level 6.9 Alchemy
 + Level 9.1 Invocations
 + Level 8.3 Evocations
 + Level 10.1 Shapeshifting


You had 28 spell levels left.
You didn't know any spells.
Your spell library contained the following spells:

 Spells                   Type           Power      Damage    Failure   Level
 Apportation              Tloc           36%        N/A       89%         1
 Sandblast                Erth           36%        2d10      89%         1
 Jinxbite                 Hex            36%        N/A       96%         2
 Passwall                 Alch/Erth      15%        N/A       96%         2
 Dazzling Flash           Conj/Hex       36%        N/A       99%         3
 Mephitic Cloud           Conj/Alch/Air  18%        N/A       99%         3
 Stone Arrow              Conj/Erth      36%        3d9       99%         3
 Summon Guardian Golem    Hex/Summ       18%        N/A       99%         3
 Tukima's Dance           Hex            18%        N/A       99%         3
 Animate Armour           Summ/Erth      36%        N/A       100%        4
 Brom's Barrelling Bould  Conj/Erth      18%        2d4       100%        4
 Dimensional Bullseye     Hex/Tloc       9%         N/A       100%        4
 Iskenderun's Mystic Bla  Conj/Tloc      18%        2d6       100%        4
 Summon Lightning Spire   Summ/Air       18%        N/A       100%        4
 Agony                    Necr           18%        N/A       100%        5
 Alistair's Intoxication  Alch           12%        N/A       100%        5
 Lee's Rapid Deconstruct  Erth           9%         3d7*      100%        5
 Silence                  Hex/Air        9%         N/A       100%        5
 Yara's Violent Unravell  Hex/Alch       9%         3d6       100%        5
 Enfeeble                 Hex            9%         N/A       100%        7
 Orb of Destruction       Conj           9%         9d6       100%        7
 Spellforged Servitor     Conj/Summ      9%         N/A       100%        7


Dungeon Overview and Level Annotations

Branches:
Dungeon (14/15)            Temple (1/1) D:5            Lair (2/5) D:9
    Orc (0/2) D:9           Sewer (visited)         Ossuary (visited)
 Bailey (visited)         Volcano (visited)
  Swamp: Lair:2-3    Shoals: Lair:2-3     Snake: Lair:2-3    Spider: Lair:2-3
 Vaults: D:13-14

Altars:
Ashenzari
Cheibriados
Dithmenos
Elyvilon
Fedhas
Gozag
Hepliaklqana
Kikubaaqudgha
Makhleb
Nemelex Xobeh
Okawaru
Qazlal
Ru
Sif Muna
Trog
Uskayaw
Vehumet
Wu Jian
Xom
Yredelemnul
Zin
The Shining One

Shops:
D:7 (   D:10 =

Portals:
Abyss: D:9

Annotations:
D:9 2 transporters, R007833r's ghost, novice DrFE
D:13 2 transporters, SirDiesAlot's ghost, journeyman OpEE


Innate Abilities, Weirdness & Mutations

You are a hulking beast.
Your limbs bulge with bestial killing power. (Slay +4)
You have very sharp teeth.
Your uncanny sense of smell can sniff out nearby items.
Your experience applies equally to all skills.
You are partially covered in iridescent scales. (AC +2)
Your skin changes colour to match your surroundings (Stealth+).
You are agile. (Dex +4, Str/Int -1)


Message History

The nine-headed hydra is heavily wounded.
The nine-headed hydra bites you!
You block the nine-headed hydra's attack. x3
The nine-headed hydra bites you but does no damage.
The nine-headed hydra bites you.
The nine-headed hydra bites you but does no damage.
The nine-headed hydra bites you.
The nine-headed hydra bites you but does no damage.
A cyclops comes into view.
The nine-headed hydra bites you. The nine-headed hydra bites you!
The nine-headed hydra bites you.
The nine-headed hydra bites you but does no damage. x2
The nine-headed hydra bites you. The nine-headed hydra bites you!
The nine-headed hydra bites you. x2
Aiming: Wall Jump
Press: ? - help, Dir - move target You repeatedly attack the nine-headed hydra from above.
You punch the nine-headed hydra!
The nine-headed hydra is severely wounded.
You punch the nine-headed hydra!
The nine-headed hydra is almost dead.
You block the nine-headed hydra's attack.
The nine-headed hydra barely misses you.
The nine-headed hydra bites you but does no damage.
You block the nine-headed hydra's attack.
The nine-headed hydra bites you but does no damage.
The nine-headed hydra bites you!
* * * LOW HITPOINT WARNING * * *
The nine-headed hydra bites you but does no damage. x2
The nine-headed hydra closely misses you.
The nine-headed hydra bites you but does no damage.
The nine-headed hydra barely misses you.
You block the nine-headed hydra's attack.
The nine-headed hydra barely misses you.
The nine-headed hydra bites you but does no damage. x2
The nine-headed hydra bites you.
* * * LOW HITPOINT WARNING * * *
The nine-headed hydra bites you but does no damage. x2
The cyclops throws a large rock.
The large rock hits you!!
You die...

####.### #......#
##.#.## #...
....##.#######.....##...
........................
....##.....###.........
#.#.#..##### #.....C#
#.#...##..... #......#
#.#..##....#..##○°.°#
#.#..#55.# .#.#hD.#
#....##..# #. #○###
###..©# #...#$##.# #
#..## ....#5#..## # #..#
#©.=3#©..# #
#..#.#...#.3#...#####.
#..##.#.....##........
###...#...#.#..#..####..
....#.#...#.#..#..#


You could see a nine-headed hydra and a cyclops.

Vanquished Creatures
  Snorg (D:14)
  Harold (D:9)
  A two-headed ogre (D:9)
  Sonja (Lair:1)
  An orc knight (Bailey)
  2 deep elf pyromancers
  Pikel (D:6)
  4 salamanders (Volcano)
  An ugly thing (D:13)
  A manticore (D:11)
  2 cyclopes
  4 elephants (Lair:1)
  A black mamba (Lair:1)
  3 slime creatures (D:12)
  Jeremiah (D:9)
  A rime drake (Lair:1)
  2 unseen horrors
  2 cane toads (Lair:1)
  A komodo dragon (D:12)
  2 polar bears
  3 trolls
  A shadow (D:11)
  A wraith (D:11)
  A steam dragon (D:9)
  An unseen horror simulacrum (D:8)
  17 yaks
  2 basilisks
  5 vampire mosquitoes (D:10)
  4 water moccasins
  6 hell hounds
  6 ice beasts
  A sky beast (D:7)
  11 orc warriors
  5 ogres
  7 wolves
  2 centaurs
  5 black bears
  A lemure (D:6)
  A phantom (D:5)
  9 kobold brigands
  6 scorpions
  7 bullfrogs
  6 gnoll sergeants
  8 wights
  8 killer bees
  6 howler monkeys
  An electric eel (D:8)
  3 bombardier beetles
  A hound (D:6)
  6 jellies
  5 orc priests
  3 iguanas
  15 orc wizards
  8 mummies (Ossuary)
  A killer bee simulacrum (D:8)
  11 gnolls
  11 adders
  3 shadow imps
  3 white imps
  7 ufetubi
  2 worms
  3 dart slugs
  50 orcs
  5 ball pythons
  13 endoplasms
  4 giant cockroaches
  5 goblins
  8 hobgoblins
  8 jackals
  3 quokkas
  3 bats
  4 frilled lizards
  A gnoll zombie (Ossuary)
  2 hobgoblin zombies (Ossuary)
  24 kobolds
  4 kobold zombies (Ossuary)
  An orc zombie (Ossuary)
  14 rats
395 creatures vanquished.

Vanquished Creatures (others)
  A centaur (Volcano)
1 creature vanquished.

Grand Total: 396 creatures vanquished

Notes
Turn   | Place    | Note
-------+----------+-------------------------------------------
     0 | D:1      | jlumianski the Gnoll Shapeshifter began the quest for the
                  | Orb.
     0 | D:1      | Reached XP level 1. HP: 17/17 MP: 1/1
    79 | D:1      | Reached XP level 2. HP: 23/23 MP: 2/2
   389 | D:1      | Reached XP level 3. HP: 28/28 MP: 3/3
   668 | D:2      | Reached skill level 1 in Invocations
   877 | D:1      | Reached skill level 1 in Short Blades
   877 | D:1      | Reached skill level 1 in Long Blades
   877 | D:1      | Reached skill level 1 in Axes
   877 | D:1      | Reached skill level 1 in Maces & Flails
   877 | D:1      | Reached skill level 1 in Polearms
   877 | D:1      | Reached skill level 1 in Staves
   877 | D:1      | Reached skill level 1 in Ranged Weapons
   877 | D:1      | Reached skill level 1 in Throwing
   877 | D:1      | Reached skill level 1 in Armour
   877 | D:1      | Reached skill level 1 in Stealth
   877 | D:1      | Reached skill level 1 in Shields
   877 | D:1      | Reached skill level 1 in Spellcasting
   877 | D:1      | Reached skill level 1 in Evocations
  1185 | D:2      | Reached XP level 4. HP: 22/34 MP: 5/5
  1189 | D:2      | Reached skill level 1 in Conjurations
  1189 | D:2      | Reached skill level 1 in Hexes
  1189 | D:2      | Reached skill level 1 in Summonings
  1189 | D:2      | Reached skill level 1 in Necromancy
  1189 | D:2      | Reached skill level 1 in Translocations
  1189 | D:2      | Reached skill level 1 in Fire Magic
  1189 | D:2      | Reached skill level 1 in Ice Magic
  1189 | D:2      | Reached skill level 1 in Air Magic
  1189 | D:2      | Reached skill level 1 in Earth Magic
  1189 | D:2      | Reached skill level 1 in Alchemy
  1968 | D:3      | Reached XP level 5. HP: 39/41 MP: 5/7
  2315 | D:4      | Found a broken altar of Ashenzari.
  2331 | D:4      | Reached XP level 6. HP: 28/47 MP: 8/8
  2382 | D:4      | Reached skill level 5 in Dodging
  2990 | D:5      | Entered Level 5 of the Dungeon
  2995 | D:5      | Found a burning altar of Makhleb.
  3101 | D:5      | Found a glowing drain.
  3106 | Sewer    | Entered a sewer
  3601 | Sewer    | Reached XP level 7. HP: 48/52 MP: 10/10
  4221 | D:3      | Reached XP level 8. HP: 30/58 MP: 12/12
  4508 | D:4      | Found Zin's Purification Station.
  4508 | D:4      | Found a glowing silver altar of Zin.
  4518 | D:4      | Bought a potion of curing for 90 gold pieces
  5219 | D:5      | Found a staircase to the Ecumenical Temple.
  5229 | Temple   | Entered the Ecumenical Temple
  5942 | D:6      | Noticed Pikel
  5952 | D:6      | Killed Pikel
  5953 | D:6      | Reached XP level 9. HP: 26/67 MP: 13/15
  5962 | D:6      | Found a sand-covered staircase.
  5969 | Ossuary  | Entered an ossuary
  6056 | Ossuary  | Reached skill level 5 in Fighting
  6295 | D:6      | Identified the +11 scimitar of the End of Times {drain,
                  | *Slow rC+++ Str-5 Dex+2}
  6353 | D:5      | Found an ornate altar of the Wu Jian Council.
  6359 | D:5      | Became a worshipper of the Wu Jian Council
  6362 | D:5      | Found a stormy altar of Qazlal.
  6495 | D:5      | Found a shadowy altar of Dithmenos.
  6775 | D:5      | Reached skill level 5 in Invocations
  6852 | D:5      | Found a sparkling altar of Nemelex Xobeh.
  7148 | D:6      | Found an iron altar of Okawaru.
  7221 | D:6      | Found a basalt altar of Yredelemnul.
  7242 | D:7      | Found Faasypir's Weapon Shoppe.
  7252 | D:7      | Reached * piety under Wu Jian
  7305 | D:7      | Found a flagged portal.
  7352 | Bailey   | Entered a bailey
  7457 | Bailey   | Noticed an orc knight
  7576 | Bailey   | Reached skill level 5 in Short Blades
  7576 | Bailey   | Reached skill level 5 in Long Blades
  7576 | Bailey   | Reached skill level 5 in Axes
  7576 | Bailey   | Reached skill level 5 in Maces & Flails
  7576 | Bailey   | Reached skill level 5 in Polearms
  7576 | Bailey   | Reached skill level 5 in Staves
  7576 | Bailey   | Reached skill level 5 in Ranged Weapons
  7576 | Bailey   | Reached skill level 5 in Throwing
  7576 | Bailey   | Reached skill level 5 in Armour
  7576 | Bailey   | Reached skill level 5 in Stealth
  7576 | Bailey   | Reached skill level 5 in Shields
  7576 | Bailey   | Reached skill level 5 in Spellcasting
  7576 | Bailey   | Reached skill level 5 in Evocations
  7576 | Bailey   | Reached XP level 10. HP: 40/76 MP: 17/17
  7715 | Bailey   | Killed an orc knight
  8551 | D:7      | Found a white marble altar of Elyvilon.
  8558 | D:7      | Gained mutation: You are clumsy. (Dex -2) [potion of
                  | mutation]
  8558 | D:7      | Gained mutation: You are occasionally teleported next to
                  | monsters. [potion of mutation]
  8558 | D:7      | Gained mutation: Your flesh is heat resistant. (rF+)
                  | [potion of mutation]
  8559 | D:7      | Lost mutation: Your flesh is heat resistant. (rF+) [potion
                  | of mutation]
  8559 | D:7      | Lost mutation: You are clumsy. (Dex -2) [potion of
                  | mutation]
  8559 | D:7      | Gained mutation: Your magical capacity is low. (-10% MP)
                  | [potion of mutation]
  8559 | D:7      | Gained mutation: You are partially covered in iridescent
                  | scales. (AC +2) [potion of mutation]
  8701 | D:7      | Reached ** piety under Wu Jian
  8923 | D:7      | Found a glowing golden altar of the Shining One.
  8934 | D:7      | Found a snail-covered altar of Cheibriados.
  9756 | D:8      | Reached *** piety under Wu Jian
  9839 | D:8      | Found a hazy altar of Hepliaklqana.
 10108 | D:8      | Reached skill level 5 in Conjurations
 10108 | D:8      | Reached skill level 5 in Hexes
 10108 | D:8      | Reached skill level 5 in Summonings
 10108 | D:8      | Reached skill level 5 in Necromancy
 10108 | D:8      | Reached skill level 5 in Translocations
 10108 | D:8      | Reached skill level 5 in Fire Magic
 10108 | D:8      | Reached skill level 5 in Ice Magic
 10108 | D:8      | Reached skill level 5 in Air Magic
 10108 | D:8      | Reached skill level 5 in Earth Magic
 10108 | D:8      | Reached skill level 5 in Alchemy
 10230 | D:9      | Found a staircase to the Orcish Mines.
 10253 | D:9      | Reached XP level 11. HP: 77/83 MP: 18/18
 10489 | D:9      | Noticed Harold
 10505 | D:9      | Killed Harold
 10526 | D:9      | Noticed Jeremiah
 10535 | D:9      | Killed Jeremiah
 10665 | D:9      | Found a staircase to the Lair.
 10713 | D:9      | Noticed a thrashing horror
 10850 | D:9      | Noticed a two-headed ogre
 10862 | D:9      | Found a transporter.
 10864 | D:9      | Killed a two-headed ogre
 10866 | D:9      | Found a transporter.
 10957 | D:9      | Found a transporter.
 10958 | D:9      | Noticed a rakshasa
 10982 | D:9      | Reached **** piety under Wu Jian
 11197 | D:9      | Found a one-way gate to the infinite horrors of the Abyss.
 11198 | D:9      | Noticed a red very ugly thing
 11253 | D:9      | Noticed R007833r's ghost (novice DrFE)
 11272 | D:10     | Entered Level 10 of the Dungeon
 11942 | D:11     | Noticed a deep elf pyromancer
 11948 | D:11     | Killed a deep elf pyromancer
 11956 | D:11     | Noticed a manticore
 11964 | D:11     | Killed a manticore
 12011 | D:10     | Found Boorurra's Jewellery Boutique.
 12023 | D:10     | Upgraded the game from 0.31-a0-1405-g2bb1a01664 to
                  | 0.31-a0-1424-g2add1c7226
 12023 | D:10     | Bought the amulet "Beninwi" {Regen+ Str+5} for 665 gold
                  | pieces
 12102 | D:10     | Reached XP level 12. HP: 91/91 MP: 20/20
 13296 | D:12     | Reached skill level 10 in Unarmed Combat
 13300 | D:12     | Identified the +1 chain mail of Doapuiv {Will++}
 13658 | Lair:1   | Entered Level 1 of the Lair of Beasts
 13973 | Lair:1   | Reached ***** piety under Wu Jian
 13982 | Lair:1   | HP: 3/94 [black mamba (4)]
 14176 | Lair:1   | Found a dark tunnel.
 14195 | Volcano  | Entered a volcano
 14287 | Volcano  | HP: 4/94 [salamander/+4 trident of flaming (8)]
 14287 | Volcano  | HP: 1/94 [salamander/+4 trident of flaming (3)]
 14450 | Volcano  | Reached XP level 13. HP: 94/99 MP: 22/22
 14457 | Volcano  | Reached skill level 10 in Shapeshifting
 14710 | Volcano  | Lost mutation: Your magical capacity is low. (-10% MP)
                  | [potion of mutation]
 14710 | Volcano  | Lost mutation: You are occasionally teleported next to
                  | monsters. [potion of mutation]
 14710 | Volcano  | Gained mutation: You are agile. (Dex +4, Str/Int -1)
                  | [potion of mutation]
 14710 | Volcano  | Gained mutation: Your skin changes colour to match your
                  | surroundings (Stealth+). [potion of mutation]
 14806 | Lair:1   | Noticed Sonja
 14813 | Lair:1   | Killed Sonja
 14985 | D:12     | Found a shimmering blue altar of Sif Muna.
 15374 | D:14     | Noticed Snorg
 15386 | D:14     | Killed Snorg
 15517 | D:13     | Noticed SirDiesAlot's ghost (journeyman OpEE)
 15525 | D:13     | Found a transporter.
 15542 | D:13     | Found a transporter.
 15573 | D:13     | Hit by a large rock thrown by a cyclops

Illustrated notes

Levels and vault maps discovered:
D:1:      roderic_crossed_star, layout_basic
D:2:      layout_loops_corners, kennysheep_boxes
D:3:      minmay_evil_eye, layout_loops_ring
D:4:      layout_layer_cave, overflow_temple_1_default, zin_purify,
          minmay_misc_feat_hallway, minmay_misc_feat_ornament,
          minmay_door_square, hangedman_abyss_or_decor_passed
D:5:      layout_loops_cross, nemelex_diamond_rough_becter,
          mainiacjoe_overflow_large_starburst, mainiacjoe_overflow_catwalk,
          kennysheep_mini, minmay_temple_entry_mist,
          mainiacjoe_sewer_entry_somewhere_in_here_2, minmay_joined_circles
D:6:      layout_basic, yredelemnul_altar_generic, mainiacjoe_overflow_24_doors,
          chequers_ossuary_entry_cave, serial_bayou_lagoon_a, uniq_pikel
D:7:      layout_loops_ring, mainiacjoe_overflow_paths, jmf_multi_god_temple2,
          serial_shops, nicolae_shop_bloodbath_and_beyond, enter_bailey_2
D:8:      layout_rooms, nzn_hepliaklqana_mist_gate, serial_ice, serial_ice_j,
          serial_ice_f, serial_ice_d, serial_ice_g, serial_ice_n, serial_ice_o,
          serial_ice_a, serial_ice_b, serial_ice_m, serial_ice_e
D:9:      layout_loops_ring, due_lair_maze_entry_diamond,
          kennysheep_orc_monster_closet_entryway,
          gammafunk_ghost_abyssal_escape, nicolae_diode_basic, uniq_jeremiah,
          uniq_harold
D:10:     layout_gridville, serial_shops, nicolae_shop_tiny_waterfront
D:11:     layout_gridville
D:12:     layout_small_grid, kennysheep_orc_sif_temple
D:13:     layout_loops_corners, gammafunk_ghost_stat_death
D:14:     layout_roguey, hangedman_vaults_entry_quadrant_bands,
          grunt_dithmenos_smoke_and_mirrors, lemuel_freeze_loot_1, uniq_snorg
Temple:   grunt_temple_mini_profane
Lair:1:   layout_cave_pods, enter_volcano_3, chequers_serial_rivers_micro_c,
          uniq_sonja
Lair:2:   layout_roguey, minmay_shoals_entry_centaurs,
          nicolae_snake_entry_squirm, grunt_forest_small_clearing_treed,
          grunt_megastairs_1, uniq_fannar

Skill      XL: |  1  2  3  4  5  6  7  8  9 10 11 12 13 |
---------------+----------------------------------------+-----
Invocations    | 1 2 3 4 5 6 7 8 9 |  9.1
Short Blades   | 1 2 3 4 5 6 7 8 |  8.3
Long Blades    | 1 2 3 4 5 6 7 8 |  8.3
Axes           | 1 2 3 4 5 6 7 8 |  8.3
Maces & Flails | 1 2 3 4 5 6 7 8 |  8.3
Polearms       | 1 2 3 4 5 6 7 8 |  8.3
Staves         | 1 2 3 4 5 6 7 8 |  8.3
Ranged Weapons | 1 2 3 4 5 6 7 8 |  8.3
Throwing       | 1 2 3 4 5 6 7 8 |  8.3
Armour         | 1 2 3 4 5 6 7 8 |  8.3
Stealth        | 1 2 3 4 5 6 7 8 |  8.3
Shields        | 1 2 3 4 5 6 7 8 |  8.3
Spellcasting   | 1 2 3 4 5 6 7 8 |  8.3
Evocations     | 1 2 3 4 5 6 7 8 |  8.3
Conjurations   | 1 2 3 4 5 6 |  6.9
Hexes          | 1 2 3 4 5 6 |  6.9
Summonings     | 1 2 3 4 5 6 |  6.9
Necromancy     | 1 2 3 4 5 6 |  6.9
Translocations | 1 2 3 4 5 6 |  6.9
Fire Magic     | 1 2 3 4 5 6 |  6.9
Ice Magic      | 1 2 3 4 5 6 |  6.9
Air Magic      | 1 2 3 4 5 6 |  6.9
Earth Magic    | 1 2 3 4 5 6 |  6.9
Alchemy        | 1 2 3 4 5 6 |  6.9
Fighting       | 3 4 5 6 7 8 |  8.8
Dodging        | 5 6 7 8 9 |  9.5
Unarmed Combat | 7 8 9 10 | 10.6
Shapeshifting  | 7 8 9 10 | 10.1

Action                     |  1- 3 |  4- 6 |  7- 9 | 10-12 | 13-15 || total
---------------------------+-------+-------+-------+-------+-------++-------
  Melee: Unarmed           |    49 |   152 |   132 |       |     4 ||   337
         Bite              |     3 |    14 |    30 |    74 |     9 ||   130
         Punch             |       |     6 |     7 |       |       ||    13
         Scimitar          |       |       |    91 |   585 |    37 ||   713
         Battleaxe         |       |       |    23 |       |       ||    23
  Throw: Javelin           |       |     3 |       |       |       ||     3
         Boomerang         |       |       |     9 |       |       ||     9
         Dart              |       |       |     2 |     6 |       ||     8
 Invoke: Serpent's Lash    |       |       |       |     1 |       ||     1
Ability: Lunge             |       |       |    26 |    48 |     4 ||    78
         Whirlwind         |       |       |       |    47 |     3 ||    50
         Wall Jump         |       |       |       |    31 |     4 ||    35
  Evoke: Wand              |       |       |       |     2 |       ||     2
    Use: Potion            |     1 |       |     2 |     8 |     1 ||    12
         Scroll            |       |     7 |     9 |    10 |       ||    26
   Stab: Sleeping          |       |       |     1 |       |       ||     1
 Armour: Animal skin       |     5 |       |       |       |       ||     5
         Scale mail        |    31 |    47 |    60 |       |       ||   138
         Fire dragon scale |       |    12 |    76 |     7 |       ||    95
         Crystal plate arm |       |       |       |   546 |    71 ||   617
  Dodge: Dodged            |    27 |    77 |    84 |    30 |    10 ||   228
  Block: Other             |       |     9 |    47 |     2 |       ||    58
         Reflection        |       |     1 |     4 |     9 |       ||    14
         Kite shield       |       |       |       |   409 |    25 ||   434

Table legend: (Time is in decaauts)
 A = Elapsed time spent in this place.
 B = Non-inter-level travel time spent in this place.
 C = Inter-level travel time spent in this place.
 D = Time resting spent in this place.
 E = Time spent auto-exploring this place.
 F = Levels seen in this place.
 G = Mean time per level.
                   A        B        C        D        E       F      G
               +--------+--------+--------+--------+--------+-----+--------+
         Total |  15979 |  15643 |    336 |   1308 |   8102 |  21 |  760.9 |
       Dungeon |  12580 |  12244 |    336 |    838 |   7030 |  14 |  898.6 |
        Temple |    152 |    152 |      0 |      0 |      0 |   1 |  152.0 |
          Lair |    688 |    688 |      0 |      0 |    347 |   2 |  344.0 |
         Sewer |   1100 |   1100 |      0 |    166 |    426 |   1 | 1100.0 |
       Ossuary |    295 |    295 |      0 |     12 |    101 |   1 |  295.0 |
        Bailey |    635 |    635 |      0 |    246 |     87 |   1 |  635.0 |
       Volcano |    525 |    525 |      0 |     46 |    111 |   1 |  525.0 |
               +--------+--------+--------+--------+--------+-----+--------+

Top non-repeatable levels by time:
     D:4: 1442 daAuts
     D:8: 1268 daAuts
     D:3: 1143 daAuts
   Sewer: 1100 daAuts
     D:5: 1067 daAuts
    D:10: 1033 daAuts
     D:9: 1022 daAuts
     D:1: 967 daAuts
     D:2: 964 daAuts
    D:12: 935 daAuts
    D:11: 903 daAuts
     D:6: 844 daAuts
     D:7: 765 daAuts
  Lair:1: 687 daAuts
  Bailey: 635 daAuts
